 Dungeon Crawl Stone Soup version 0.25.1-2-g60ff931df9 (webtiles) character file.

Game seed: 3372942336264632950

349 H0rd4k the Insei (level 6, -20/38 HPs)
             Began as an Octopode Transmuter on Aug 26, 2020.
             Demolished by an ogre
             ... wielding a +0 giant spiked club
              (28 damage)
             ... on level 5 of the Dungeon.
             The game lasted 00:04:30 (5444 turns).

H0rd4k the Insei (Octopode Transmuter)              Turns: 5444, Time: 00:04:30

Health: -20/38     AC:  2    Str:  9    XL:     6   Next: 60%
Magic:  7/10       EV: 20    Int: 17    God:
Gold:   169        SH:  0    Dex: 18    Spells: 5/11 levels left

rFire    . . .     SeeInvis .     - Unarmed
rCold    . . .     Gourm    .   (shield currently unavailable)
rNeg     . . .     Faith    .   (helmet currently unavailable)
rPois    x         Spirit   .   (no amulet)
rElec    .         Reflect  .   (no ring)
rCorr    .         Harm     .   (no ring)
MR       .....                  (no ring)
Stlth    +++.......             (no ring)
HPRegen  0.12/turn              (no ring)
MPRegen  0.12/turn              (no ring)
                                (no ring)
                                (no ring)

@: spider-form
A: tiny, almost no armour, stealthy swim, (amphibious), 8 rings, (constrict 8)
a: End Transformation


You were on level 5 of the Dungeon.
You were not hungry.
You were a venomous arachnid creature.
You visited 1 branch of the dungeon, and saw 5 of its levels.

You collected 169 gold pieces.

Inventory:

Missiles
 a - 111 arrows
 b - 3 poisoned darts (quivered)
 l - 10 javelins
Scrolls
 e - 6 scrolls of identify {unknown}
 g - 3 scrolls of teleportation {unknown}
 h - a scroll of enchant armour {unknown}
 j - 3 scrolls of remove curse {unknown}
 k - a scroll of magic mapping {unknown}
 m - a scroll of immolation {unknown}
 o - a scroll of fear {unknown}
 p - a scroll of fog {unknown}
 q - a scroll of amnesia {unknown}
Potions
 d - a potion of heal wounds {unknown}
 f - a potion of curing {unknown}
 i - a potion of magic {unknown}
 n - 2 potions of stabbing {unknown}
Comestibles
 c - 5 rations


   Skills:
 + Level 1.2 Fighting
 + Level 2.5 Dodging
 + Level 4.3 Stealth
 + Level 4.6 Unarmed Combat
 * Level 3.2 Spellcasting
 * Level 3.2 Transmutations
 + Level 0.4 Poison Magic


You had 5 spell levels left.
You knew the following spells:

 Your Spells              Type           Power        Failure   Level  Hunger
a - Beastly Appendage     Tmut           ##....       14%         1    None
b - Sticks to Snakes      Tmut           ##......     19%         2    ##.....
c - Spider Form           Tmut/Pois      #.........   45%         3    ###....

Your spell library contained the following spells:

 Spells                   Type           Power        Failure   Level  Hunger
 Ice Form                 Ice/Tmut       #.......     83%         4    ####...
 Blade Hands              Tmut           ##........   90%         5    ######.


Dungeon Overview and Level Annotations

Branches:
Dungeon (5/15)
 Temple: D:4-7

Altars:
Elyvilon
Fedhas
Makhleb
Qazlal
Xom
Yredelemnul

Annotations:
D:1 exclusion: phantom
D:3 3 runed translucent doors, Kaiern's ghost, weakling MiHu
D:4 2 transporters, exclusion: phantom


Innate Abilities, Weirdness & Mutations

You cannot wear most types of armour.
You are very stealthy in the water. (Stealth+)
((You are amphibious.))
You can wear up to eight rings at the same time.
((You can use your tentacles to constrict eight enemies at once.))
((Your skin changes colour to match your surroundings (Stealth+).))
((Your rubbery body absorbs attacks. (AC +1, EV +1)))


Message History

Casting: Beastly Appendage (safe; 4% risk of failure)
Confirm with . or Enter, or press ? or * to list all spells.
The spell is quite dangerous to cast (24% risk of failure)!
Continue anyway?
Okay, then.
Unknown command.
Casting: Spider Form (quite dangerous; 24% risk of failure)
Confirm with . or Enter, or press ? or * to list all spells.
The spell is quite dangerous to cast (24% risk of failure)!
Continue anyway?
You turn into a venomous arachnid creature.
The helpless ogre fails to defend itself.
You hit the ogre.
The ogre is poisoned.
The ogre is lightly wounded.
The ogre hits you with a +0 giant spiked club!!
Ouch! That really hurt!
* * * LOW HITPOINT WARNING * * *
You hit the ogre.
The ogre looks as sick as possible!
The ogre is lightly wounded.
The ogre hits you with a +0 giant spiked club!!
Ouch! That really hurt!
You die...

#.##.#)##.8...8.#
#.##.#W###.....##
#.##.#)# ##...##
#####.##.#.# #.######
#.....##.#.# #.......
#.######.#.##########
#.# #<............
#.#######^####.......
#...sO##^..##........
####.##.#.≈≈##.......
#.#§≈^#^^##..)....
#.#.≈≈^..♣#.......
#.^._≈_...........
###_≈.≈♣#≈#..#####
#_♣.#...#..#
##≈..^≈##..#
#########≈≈_##...#


You could see an ogre (extremely poisoned).

Vanquished Creatures
  An ogre (D:4)
  A hound (D:5)
  An orc priest (D:5)
  3 orc wizards
  5 adders
  3 oozes
  An adder skeleton (D:4)
  3 worms
  2 leopard geckos
  5 orcs
  A giant cockroach (D:2)
  5 goblins
  6 hobgoblins
  8 jackals
  7 kobolds
  3 quokkas
  2 bats
  3 frilled lizards
  2 gnoll zombies (D:4)
  5 rats
67 creatures vanquished.

Notes
Turn   | Place    | Note
-------+----------+-------------------------------------------
     0 | D:1      | H0rd4k the Octopode Transmuter began the quest for the Orb.
     0 | D:1      | Reached XP level 1. HP: 13/13 MP: 3/3
   138 | D:1      | Reached XP level 2. HP: 18/18 MP: 5/5
   594 | D:1      | Reached XP level 3. HP: 23/23 MP: 6/6
   829 | D:1      | Learned a level 2 spell: Sticks to Snakes
   833 | D:1      | Learned a level 3 spell: Spider Form
  1085 | D:2      | Reached skill level 1 in Stealth
  1169 | D:2      | Noticed a phantom
  1340 | D:2      | Found a burning altar of Makhleb.
  2066 | D:2      | Reached XP level 4. HP: 28/28 MP: 7/7
  2630 | D:3      | Found a blossoming altar of Fedhas.
  2632 | D:3      | Found a stormy altar of Qazlal.
  2946 | D:3      | Found a runed translucent gate.
  2946 | D:3      | Found a runed translucent gate.
  2946 | D:3      | Found a runed translucent gate.
  2946 | D:3      | Noticed Kaiern's ghost (weakling MiHu)
  3380 | D:3      | You fall into a shaft and drop 1 floor!
  3381 | D:4      | Noticed an ogre
  3392 | D:4      | Killed an ogre
  3392 | D:4      | Reached XP level 5. HP: 33/33 MP: 3/9
  3861 | D:4      | Reached XP level 6. HP: 31/38 MP: 10/10
  4112 | D:4      | Found a basalt altar of Yredelemnul.
  4253 | D:4      | Found a transporter.
  4258 | D:4      | Found a transporter.
  4284 | D:4      | Found a white marble altar of Elyvilon.
  4339 | D:5      | Entered Level 5 of the Dungeon
  4339 | D:5      | Found a shimmering altar of Xom.
  4340 | D:5      | Found a shimmering altar of Xom.
  4340 | D:5      | Found a shimmering altar of Xom.
  4372 | D:5      | Found a shimmering altar of Xom.
  4374 | D:5      | Found a shimmering altar of Xom.
  5002 | D:5      | Noticed a phantom
  5444 | D:5      | Demolished by an ogre

Illustrated notes

Levels and vault maps discovered:
D:1:      dpeg_arrival_erosion, layout_basic
D:2:      layout_loops_corners, lemuel_round_altar
D:3:      layout_loops_corners, grunt_temple_overflow_forces_of_nature,
          gammafunk_ghost_split, first_ration, kennysheep_nub
D:4:      layout_rooms, gammafunk_temple_overflow_arena,
          lemuel_zombie_altar_yredelemnul, kennysheep_cross_bottleneck
D:5:      layout_basic, zin_academy, lightli_temple_of_fire,
          wad_floor_pattern_untrapped, xom_redecorated

Skill      XL: |  1  2  3  4  5  6 |
---------------+-------------------+-----
Stealth        | 1 3 4 |  4.3
Unarmed Combat | 4 |  4.6
Spellcasting   | 3 |  3.2
Transmutations | 3 |  3.2
Fighting       | |  1.2
Dodging        | |  2.5
Poison Magic   | |  0.4

Action                   |  1- 3 |  4- 6 || total
-------------------------+-------+-------++-------
Melee: Unarmed           |    76 |   109 ||   185
       Constrict         |    11 |    20 ||    31
       Tentacles         |    10 |    16 ||    26
       Punch             |       |     2 ||     2
       Kick              |       |     6 ||     6
 Cast: Beastly Appendage |       |     5 ||     5
       Spider Form       |       |     2 ||     2
 Stab: Sleeping          |    13 |     9 ||    22
       Distracted        |     1 |       ||     1
  Eat: Chunk             |     3 |     4 ||     7
       Ration            |       |     2 ||     2
Armor: Skin              |     3 |     4 ||     7
Dodge: Dodged            |    35 |    57 ||    92
